 Dungeon Crawl Stone Soup version 0.16.2-12-gd0ad4c3 (webtiles) character file.

344 Kloppie the Cutter (level 6, 0/51 HPs)
             Began as a Minotaur Assassin on Oct 27, 2015.
             Succumbed to grerr's ghost's poison
             ... in a sewer.
             The game lasted 00:06:06 (2245 turns).

Kloppie the Cutter (Minotaur Assassin)              Turns: 2245, Time: 00:06:06

Health: 0/51       AC: 10    Str: 15    XL:     6   Next: 31%
Magic:  3/3        EV:  6    Int:  8    God:
Gold:   138        SH:  0    Dex: 14    Spells: 0 memorised, 5 levels left

rFire  . . .     SeeInvis .     D - +3 flail "Xosk" {flame, rN+}
rCold  . . .     Clarity  .     j - +0 chain mail
rNeg   + . .     SustAb   .     (no shield)
rPois  .         Gourm    .     (helmet restricted)
rElec  .         Spirit   .     d - +0 cloak
rCorr  .         Warding  .     (no gloves)
rMut   .         Stasis   .     r - +0 pair of boots
MR     .....                    (no amulet)
Stlth  ..........               (no ring)
                                (no ring)

@: confused, lethally poisoned (0 -> -26), not resistant to hostile
enchantments, extremely unstealthy
A: retaliatory headbutt, horns 2
a: no special abilities


You were in a sewer.
You were hungry.

You visited 1 branch of the dungeon, and saw 4 of its levels.
You also visited: Sewer.

You collected 138 gold pieces.

Inventory:

Hand weapons
 a - a +3 dagger
 b - a +0 blowgun
 w - a +0 short sword
 D - the +3 flail "Xosk" (weapon) {flame, rN+}
   (You found it on level 4 of the Dungeon)

   It has been specially enchanted to burn those struck by it, causing extra
   injury to most foes and up to half again as much damage against particularly
   susceptible opponents.
   It protects you from negative energy.
Missiles
 e - 8 poisoned needles
 f - 2 curare-tipped needles
Armour
 c - a +0 robe
 d - a +0 cloak (worn)
 h - a +0 ring mail
 j - a +0 chain mail (worn)
 r - a +0 pair of boots (worn)
Jewellery
 m - an uncursed ring of protection from cold {unknown}
Scrolls
 n - a scroll of identify
 o - a scroll of random uselessness {unknown}
 p - 2 scrolls of teleportation {unknown}
 s - a scroll of fear {unknown}
 u - 3 scrolls of noise {unknown}
 v - a scroll of immolation {unknown}
 y - a scroll of enchant armour {unknown}
Potions
 l - a potion of invisibility {unknown}
 t - a potion of restore abilities
 x - a potion of curing {unknown}
 z - a potion of agility {unknown}
 B - a potion of resistance {unknown}
 C - a potion of lignification {unknown}
Comestibles
 g - 3 bread rations
 i - a chunk of flesh
 A - a slice of pizza


   Skills:
 - Level 3.3 Fighting
 + Level 5.4 Short Blades
 - Level 2.0 Throwing
 - Level 1.1 Dodging
 + Level 5.0 Stealth


You had 5 spell levels left.
You didn't know any spells.

Dungeon Overview and Level Annotations

Branches:
Dungeon (4/15)
 Temple: D:4-7

Altars:
Elyvilon
Trog
Vehumet
Xom

Annotations:
Sewer grerr's ghost, average DrCj


Innate Abilities, Weirdness & Mutations

You reflexively headbutt those who attack you in melee.
You have a pair of horns on your head.


Message History

You miss grerr's ghost. You headbutt grerr's ghost!
Grerr's ghost is severely damaged.
* * * LOW HITPOINT WARNING * * *
You feel very sick.
Grerr's ghost hits you but does no damage.
You are more poisoned.
You feel less confused.
* * * LOW HITPOINT WARNING * * *
You feel sick.
Grerr's ghost points at you and mumbles some strange words.
The spray of energy hits you!
* * * LOW HITPOINT WARNING * * *
You are confused.
You enter the shallow water.
Moving in this stuff is going to be slow.
* * * LOW HITPOINT WARNING * * *
You feel very sick.
Drink which item? (? for menu, Esc to quit)
It was a potion of restore abilities.
You feel refreshed.
You die...

##≈≈≈## .≈≈# #.≈≈#
.≈.# #.≈≈# .≈.#
#≈≈≈## ##...#
#.≈≈≈## ##.≈≈.#
#≈≈≈.≈#####..≈≈≈#
##...≈≈≈≈≈≈.≈..##
###.≈≈..≈≈W≈###
##....≈.@##
##≈..≈.≈≈##
≈≈≈.##..≈.≈.≈≈.##≈
#..≈≈≈...≈≈.≈≈..≈≈≈
##≈≈.≈.≈...≈≈≈...≈≈
#≈≈......∩...≈..≈≈
#≈≈≈≈≈≈.....≈≈≈≈≈≈
#≈≈≈.≈.≈.∩.......
.≈.≈....≈...≈..≈


You could see grerr's ghost.

Vanquished Creatures
  2 big kobolds (Sewer)
  4 gnolls (D:2)
  7 adders
  A giant mite (D:2)
  3 worms
  An ooze (Sewer)
  3 orcs (D:3)
  2 ball pythons
  4 giant cockroaches
  11 hobgoblins
  10 jackals
  8 bats
  A giant gecko (D:2)
  3 giant newts
  7 goblins
  9 kobolds
  9 rats
85 creatures vanquished.

Notes
Turn   | Place    | Note
--------------------------------------------------------------
     0 | D:1      | Kloppie, the Minotaur Assassin, began the quest for the Orb.
     0 | D:1      | Reached XP level 1. HP: 18/18 MP: 1/1
   159 | D:1      | Reached XP level 2. HP: 16/25 MP: 1/1
   629 | D:2      | Reached XP level 3. HP: 31/31 MP: 2/2
   637 | D:2      | Found a bloodstained altar of Trog.
   892 | D:2      | Reached XP level 4. HP: 33/38 MP: 2/2
   991 | D:2      | Reached skill level 4 in Short Blades
  1484 | D:3      | Reached XP level 5. HP: 34/45 MP: 2/2
  1535 | D:3      | Found a white marble altar of Elyvilon.
  1536 | D:3      | Found a radiant altar of Vehumet.
  1538 | D:3      | Found a bloodstained altar of Trog.
  1768 | D:3      | Found a shimmering altar of Xom.
  1897 | D:4      | Got a brightly glowing flail
  1936 | D:4      | Found a glowing drain.
  1983 | Sewer    | Entered a sewer
  1989 | Sewer    | Noticed grerr's ghost (average DrCj)
  2115 | Sewer    | Reached skill level 5 in Short Blades
  2115 | Sewer    | Reached XP level 6. HP: 45/51 MP: 3/3
  2190 | Sewer    | Reached skill level 5 in Stealth
  2193 | Sewer    | Identified the +3 flail "Xosk" {flame, rN+} (You found it on level 4 of the Dungeon)
  2244 | Sewer    | HP: 2/51 [poisoned by grerr's ghost]
  2245 | Sewer    | Succumbed to grerr's ghost's poison

Action                   |  1- 3 |  4- 6 || total
-------------------------+-------+-------++-------
Melee: Dagger            |   117 |    52 ||   169
       Short sword       |       |   104 ||   104
       Flail             |       |    10 ||    10
  Use: Scroll            |       |     3 ||     3
       Potion            |       |     3 ||     3
 Stab: Sleeping          |     1 |       ||     1
  Eat: Chunk             |       |     4 ||     4
